AoeStats
← 恆浪蕩

MegaRandom

508240122Analyzed
4v4 RM · 9d ago on Sep 21, 2026· 44m 19s· 8 players
Game mode
Random Map
Map size
Large (8 player)
Population
200
Speed
Normal
Resources
Standard
Victory
Conquest
Starting age
Dark Age
Ending age
Imperial Age
RankedLock teamsTeams togetherTeam positionsShared explorationLock speedFull tech treeHidden civsTurbo modeCheats
Victory
Defeat
🇹🇷 Bohemians · Türkiye
1752
+12
1751
+12
1646
+16
🇲🇽 Gurjaras · Mexico
1613
+17
🇦🇷 Vikings · Argentina
1729
-17
🇭🇰 Bulgarians · Hong Kong SAR China
1641
-14
🇹🇼 Maya · Taiwan
1627
-13
🇹🇼 Tatars · Taiwan
1622
-13
The_Punisher
6:21 Loom
13:15 Feudal Age
17:02 Castle Age
15:24 Double-Bit Axe
16:12 Fletching
17:16 Crossbowman
19:53 Horse Collar
20:54 Bodkin Arrow
22:10 Fervor
23:06 Town Watch
35:21 Ballistics
35:44 Wheelbarrow
35:06 Elite Skirmisher
36:57 Chemistry
40:23 Imperial Age
38:39 Padded Archer Armor
39:46 Sanctity
39:47 Hand Cart
40:28 Leather Archer Armor
40:41 Bow Saw
40:31 Heavy Plow
41:12 Bracer
43:55 Ring Archer Armor
CoterLee
2:44 Loom
12:58 Feudal Age
17:45 Castle Age
16:50 Fletching
39:38 Town Watch
少操无用心 多操爱的人
3:48 Loom
14:28 Feudal Age
15:22 Double-Bit Axe
15:19 Horse Collar
18:02 Castle Age
17:53 Town Watch
20:24 Bow Saw
22:06 Wheelbarrow
24:29 Gold Mining
26:02 Hand Cart
30:19 Imperial Age
28:48 Scale Barding Armor
28:54 Forging
29:34 Bloodlines
29:25 Husbandry
29:12 Light Cavalry
31:28 Chain Barding Armor
32:44 Plate Barding Armor
31:45 Hussar
34:52 Iron Casting
35:15 Coinage
36:38 Blast Furnace
36:59 Banking
回忆里太多好
4:53 Loom
14:35 Feudal Age
18:50 Fletching
20:01 Town Watch
22:55 Wheelbarrow
23:50 Double-Bit Axe
23:48 Horse Collar
27:54 Castle Age
36:51 Hand Cart
40:53 Imperial Age
38:33 Light Cavalry
39:24 Bloodlines
39:14 Husbandry
39:25 Bloodlines
39:15 Husbandry
39:31 Heavy Plow
40:18 Scale Barding Armor
40:29 Forging
41:21 Chain Barding Armor
41:30 Bow Saw
42:03 Conscription
42:23 Iron Casting
41:39 Winged Hussar
43:53 Plate Barding Armor
Sean
5:26 Loom
13:06 Feudal Age
23:38 Double-Bit Axe
25:13 Fletching
30:17 Castle Age
28:22 Town Watch
29:06 Horse Collar
32:05 Bodkin Arrow
35:18 Bow Saw
36:09 Wheelbarrow
36:06 Heavy Plow
羅鈸棒
14:19 Feudal Age
15:11 Loom
18:29 Castle Age
16:28 Double-Bit Axe
17:40 Scale Barding Armor
18:24 Bloodlines
20:01 Chain Barding Armor
23:23 Forging
24:01 Light Cavalry
29:38 Bow Saw
34:24 Horse Collar
38:56 Fletching
默默默默默
4:08 Loom
13:03 Feudal Age
16:48 Castle Age
15:10 Double-Bit Axe
21:33 Bow Saw
25:48 Town Watch
27:18 Gold Mining
30:46 Gold Shaft Mining
34:31 Imperial Age
32:10 Fletching
32:23 Padded Archer Armor
33:54 Bodkin Arrow
35:02 Leather Archer Armor
35:11 Ballistics
34:31 Treadmill Crane
35:23 Bracer
35:52 Stone Mining
35:51 Elite Skirmisher
38:56 Chemistry
38:25 Scale Mail Armor
38:51 Crossbowman
43:36 Ring Archer Armor
恆浪蕩
4:20 Loom
13:35 Feudal Age
18:00 Castle Age
19:12 Fletching
19:46 Double-Bit Axe
21:31 Bodkin Arrow
27:07 Bow Saw
27:14 Horse Collar
28:33 Wheelbarrow
31:39 Padded Archer Armor
36:19 Imperial Age
35:37 Hand Cart
35:59 Leather Archer Armor
36:26 Ballistics
37:01 Bracer
39:35 Conscription
39:44 Squires
39:25 Pikeman
42:27 Chemistry
42:56 Scale Mail Armor
43:53 Chain Mail Armor
44:02 Town Watch
Connection lost

Rejoining the realm…

Still unreachable

The connection could not be restored.

Session expired

The server has moved on; the page needs a fresh start.